 Dungeon Crawl Stone Soup version 0.26-a0-1060-g086102a3f0 (webtiles) character file.

Game seed: 4675787301919210548

15743 SkeletonJelly the Black Sun (level 12, -2/86 (87) HPs)
             Began as a Demonspawn Monk on Dec 12, 2020.
             Was a High Priest of Kikubaaqudgha.
             Slain by a bullfrog (3 damage)
             ... while petrified by a basilisk
             ... on level 1 of the Lair of Beasts on Dec 14, 2020.
             The game lasted 00:46:17 (13198 turns).

SkeletonJelly the Black Sun (Demonspawn Monk)      Turns: 13198, Time: 00:46:17

HP:   -2/86 (87)    AC: 10    Str: 11    XL:     12   Next: 3%
MP:   0/25          EV:  2    Int: 17    God:    Kikubaaqudgha [*****.]
Gold: 241           SH:  0    Dex: 25    Spells: 6/30 levels left

rFire    . . .     SeeInvis .   R - +4 spear (pain)
rCold    . . .     Faith    .   (no shield)
rNeg     + + +     Spirit   +   J - +3 leather armour
rPois    ∞         Reflect  .   (helmet unavailable)
rElec    .         Harm     .   M - +0 cloak
rCorr    .         Rampage  .   U - +1 pair of gloves {Dex+3}
Will     .....                  z - +0 pair of boots
Stlth    ++........             C - amulet of regeneration
HPRegen  0.64/turn              P - ring of positive energy
MPRegen  0.38/turn              s - +6 ring of dexterity

@: agile, lethally poisoned (-2 -> -2), petrified, attractive
A: horns 3, large bone plates 1, powered by pain 1, magic shield, magic
regeneration
a: Receive Corpses, Torment, Renounce Religion


You were on level 1 of the Lair of Beasts.
You worshipped Kikubaaqudgha.
Kikubaaqudgha was extremely pleased with you.
You visited 3 branches of the dungeon, and saw 13 of its levels.

You collected 672 gold pieces.
You spent 431 gold pieces at shops.

Inventory:

Hand Weapons
 a - a +0 spear
 y - a +0 trident
 O - a +2 trident
 R - a +4 spear of pain (weapon)
Missiles
 h - 6 javelins
 j - 35 poisoned darts (quivered)
Armour
 z - a +0 pair of boots (worn)
 J - a +3 leather armour (worn)
 M - a +0 cloak (worn)
 U - a +1 pair of gloves of dexterity (worn)
Jewellery
 d - an uncursed ring of flight
 e - an uncursed ring of ice
 s - a +6 ring of dexterity (right hand)
 C - an amulet of regeneration (around neck)
 P - a ring of positive energy (left hand)
 W - an uncursed amulet of faith
 Y - an uncursed amulet of magic regeneration
Wands
 m - a wand of paralysis (11)
 v - a wand of flame (1)
 H - a wand of acid (1)
 K - a wand of disintegration (8)
 X - a wand of iceblast (5)
Scrolls
 b - a scroll of amnesia
 k - 3 scrolls of remove curse
 l - 5 scrolls of identify
 p - 2 scrolls of magic mapping
 r - 3 scrolls of fog
 t - 3 scrolls of fear {unknown}
 u - 4 scrolls of teleportation
 D - 2 scrolls of enchant weapon {unknown}
 E - a scroll of noise {unknown}
 I - 4 scrolls of enchant armour
 Q - 4 scrolls of immolation {unknown}
Potions
 c - 2 potions of experience {unknown}
 g - 4 potions of attraction
 i - 2 potions of cancellation {unknown}
 o - 6 potions of haste
 q - 6 potions of curing {unknown}
 w - 4 potions of lignification {unknown}
 x - a potion of flight {unknown}
 A - 4 potions of brilliance {unknown}
 B - 2 potions of resistance {unknown}
 F - a potion of mutation {unknown}
 N - 3 potions of heal wounds {unknown}
 T - a potion of degeneration {unknown}
 V - a potion of might


   Skills:
 - Level 5.8 Fighting
 - Level 6.4 Polearms
 - Level 8.3 Dodging
 - Level 2.0 Stealth
 - Level 9.9 Spellcasting
 - Level 11.5 Necromancy
 + Level 4.0 Earth Magic


You had 6 spell levels left.
You knew the following spells:

 Your Spells              Type           Power        Failure   Level
a - Pain                  Necr           ####         1%          1
c - Borgnjor's Vile Clut  Necr/Erth      ####......   30%         5
d - Animate Dead          Necr           #####.....   5%          4
q - Agony                 Necr           #####...     10%         5
s - Animate Skeleton      Necr           #####.       1%          1
x - Vampiric Draining     Necr           #####.....   2%          3
W - Excruciating Wounds   Necr           #####.....   10%         5

Your spell library contained the following spells:

 Spells                   Type           Power        Failure   Level
 Sublimation of Blood     Necr           #####.....   1%          2
 Dispel Undead            Necr           #####...     5%          4
 Corpse Rot               Necr/Air       N/A          7%          2
 Apportation              Tloc           #.....       28%         1
 Corona                   Hex            #......      28%         1
 Summon Small Mammal      Summ           #...         28%         1
 Ignite Poison            Fire/Tmut/Pois #.......     56%         3
 Fireball                 Conj/Fire      #.........   99%         5
 Starburst                Conj/Fire      #.........   100%        6
 Ignition                 Fire           #.........   100%        8


Dungeon Overview and Level Annotations

Branches:
Dungeon (10/15)            Temple (1/1) D:4            Lair (2/6) D:9
    Orc (0/2) D:9
  Swamp: Lair:2-4    Shoals: Lair:2-4     Snake: Lair:2-4    Spider: Lair:2-4

Altars:
Ashenzari
Cheibriados
Dithmenos
Elyvilon
Fedhas
Gozag
Hepliaklqana
Kikubaaqudgha
Makhleb
Nemelex Xobeh
Okawaru
Qazlal
Ru
Sif Muna
Trog
Uskayaw
Vehumet
Xom
Yredelemnul
Zin
The Shining One
Lugonu

Shops:
D:4 (   D:8 [   D:9 *[:*[

Annotations:
D:5 3 runed translucent doors, Aerich's ghost, novice GnWn
D:8 4 runed translucent doors


Innate Abilities, Weirdness & Mutations

You have a pair of large horns on your head.
You are partially covered in large bone plates. (SH +4)
You sometimes gain a little power by taking damage.
When hurt, damage is shared between your health and your magic reserves.
You regenerate magic rapidly.


Message History

The basilisk bites you. The basilisk gazes at you.
The blink frog blinks!
The basilisk bites you!
The basilisk bites you but does no damage.
The basilisk gazes at you. You resist with some effort. The basilisk bites you!
The basilisk gazes at you. You resist with some effort. The basilisk bites you!
The basilisk gazes at you. You resist with some effort.
You turn to flesh and can move again.
You take 2 damage, and have 31/86 hp.
You regained 2 mp, and now have 7/25 mp.
Unknown command.
Unknown command.
Unknown command.
Unknown command.
Unknown command.
Unknown command.
Okay, then.
You feel sick.
You take 1 damage, and have 30/86 hp.
You feel sick. The basilisk gazes at you. You resist with some effort.
The basilisk is pulled toward you! The bullfrog is pulled toward you!
You feel sick. The bullfrog is pulled toward you!
You feel sick.
The basilisk is no longer covered in acid.
The basilisk is pulled toward you!
You feel sick.
Found a stone staircase leading up.
You feel sick. The blink frog closely misses you.
There is a stone staircase leading up here.
You take 1 damage, and have 29/86 hp.
The bullfrog is no longer covered in acid.
The bullfrog misses you. You block the blink frog's attack.
The basilisk completely misses you. The bullfrog misses you.
You climb upwards.
You feel sick.
There is a stone staircase leading down here.
You feel sick. The basilisk completely misses you. The blink frog hits you!
* * * LOW HITPOINT WARNING * * *
You take 7 damage, and have 23/86 hp.
You now have 9/25 mp.
The bullfrog releases a deep croak.
You feel sick. The basilisk gazes at you.
You are slowing down.
The blink frog hits you!
* * * LOW HITPOINT WARNING * * *
The blink frog blinks!
The bullfrog is pulled toward you! The blink frog is pulled toward you!
You take 4 damage, and have 20/86 hp.
You now have 7/25 mp.
Kikubaaqudgha delivers you corpses! The bullfrog misses you.
The blink frog hits you but does no damage.
The bullfrog hits you but does no damage.
The basilisk gazes at you.
Your limbs have turned to stone.
The blink frog hits you but does no damage.
The bullfrog snags a nearby small bird with its tongue.
The bullfrog hits you!
* * * LOW HITPOINT WARNING * * *
You have turned to stone.
The bullfrog hits you!
* * * LOW HITPOINT WARNING * * *
The blink frog blinks!
The basilisk bites you.
* * * LOW HITPOINT WARNING * * *
The blink frog is pulled toward you!
The bullfrog hits you but does no damage.
The blink frog hits you but does no damage.
The basilisk bites you!
* * * LOW HITPOINT WARNING * * *
The bullfrog hits you but does no damage.
The blink frog hits you but does no damage.
The bullfrog hits you.
The blink frog hits you but does no damage.
The basilisk bites you but does no damage.
The bullfrog hits you.
* * * LOW HITPOINT WARNING * * *
The blink frog hits you.
* * * LOW HITPOINT WARNING * * *
The basilisk gazes at you. You resist with some effort.
The bullfrog hits you but does no damage.
The blink frog hits you but does no damage.
The bullfrog hits you but does no damage.
The basilisk bites you but does no damage.
The blink frog hits you!
* * * LOW HITPOINT WARNING * * *
The bullfrog hits you.
* * * LOW HITPOINT WARNING * * *
The blink frog hits you!
* * * LOW HITPOINT WARNING * * *
The basilisk gazes at you. You resist with some effort. The bullfrog hits you.
You die...
Kikubaaqudgha rasps: "You have failed me!
Welcome... oblivion!"

................# ##..........##
................###............##
..#..........#...##.........#...#
.#.##.#..########.########.##....
###################### ######....
# ####.###P##.##..#..###..####^..
###................>.......#.....
...#............†l...........#..#
..#.........+..#@F.............##
......#.##.#.8.F###.#...##....##
...#######.#....#####...###....##
..## #..##.......####...# ##....#
### #..#...............####..#..
# #####...........##.....####...
####.##...##....#...#.....####...
##..##...#.#.8.#.#...#......####.
.#..##...###...####..###....## ##


You could see a basilisk, a blink frog and a bullfrog.

Vanquished Creatures
  Gastronok (D:9)
  A hydra (Lair:1)
  A two-headed ogre (D:4)
  7 death yaks (D:9)
  A manticore (D:9)
  A black mamba (Lair:1)
  5 cane toads
  2 trolls (D:9)
  10 yaks (D:9)
  Menkaure (D:7)
  5 water moccasins (Lair:1)
  An orc warrior (D:8)
  An ice beast (D:5)
  2 black bears
  2 necrophages
  5 ogres
  A phantom (D:4)
  3 centaurs
  6 big kobolds
  3 bullfrogs
  4 scorpions (D:6)
  A water moccasin skeleton (D:6)
  13 wights
  A centaur zombie (D:8)
  A bullfrog zombie (D:9)
  5 hounds
  Crazy Yiuf (D:7)
  2 orc priests (D:8)
  A jelly (D:7)
  2 orc wizards (D:8)
  Jessica (D:2)
  An iguana (D:6)
  Natasha (twice) (D:2)
  A hell rat (D:9)
  11 worker ants
  A hound zombie (D:5)
  A mummy (D:8)
  Robin (D:2)
  15 adders
  A river rat (D:9)
  A shadow imp (D:7)
  An ooze (D:2)
  A worm (D:2)
  A dart slug (D:1)
  8 leopard geckos
  21 orcs
  A giant cockroach (D:3)
  19 goblins
  8 hobgoblins
  5 jackals
  15 kobolds
  6 quokkas
  7 bats
  10 frilled lizards
  A jackal zombie (D:5)
  A leopard gecko skeleton (D:4)
  A quokka skeleton (D:3)
  A quokka zombie (D:6)
  6 rats
239 creatures vanquished.

Vanquished Creatures (collateral kills)
  2 big kobolds (D:9)
  A bullfrog (Lair:1)
  2 gnoll sergeants (D:9)
  A wight (D:8)
  A hound (D:9)
  A worker ant (D:6)
  A gnoll (D:9)
  An adder (D:4)
  An orc (D:9)
11 creatures vanquished.

Vanquished Creatures (others)
  2 fungi
  11 plants
  3 withered plants (D:8)
16 creatures vanquished.

Grand Total: 266 creatures vanquished

Notes
Turn   | Place    | Note
-------+----------+-------------------------------------------
     0 | D:1      | SkeletonJelly the Demonspawn Monk began the quest for the
                  | Orb.
     0 | D:1      | Reached XP level 1. HP: 18/18 MP: 1/1
   794 | D:1      | Gained mutation: When hurt, damage is shared between your
                  | health and your magic reserves. [demonic ancestry]
   794 | D:1      | Reached XP level 2. HP: 23/24 MP: 2/2
  1097 | D:2      | Noticed Robin
  1397 | D:2      | Found a sacrificial altar of Ru.
  1845 | D:2      | Gained mutation: You are partially covered in large bone
                  | plates. (SH +4) [demonic ancestry]
  1845 | D:2      | Reached XP level 3. HP: 8/29 MP: 0/3
  2110 | D:2      | Found a bloodstained altar of Trog.
  2114 | D:2      | Noticed Natasha
  2131 | D:2      | Killed Natasha
  2132 | D:2      | Reached XP level 4. HP: 13/37 MP: 1/4
  2332 | D:2      | Killed Robin
  2385 | D:2      | Noticed Natasha
  2401 | D:2      | Killed Natasha
  3040 | D:2      | Found a broken altar of Ashenzari.
  3067 | D:2      | Noticed Jessica
  3074 | D:2      | Killed Jessica
  3075 | D:2      | Gained mutation: You have a pair of small horns on your
                  | head. [demonic ancestry]
  3075 | D:2      | Reached XP level 5. HP: 23/42 MP: 2/5
  3578 | D:3      | Found a sparkling altar of Nemelex Xobeh.
  4095 | D:3      | Found an iron altar of Okawaru.
  4896 | D:4      | Learned a level 1 spell: Animate Skeleton
  5084 | D:4      | Noticed a phantom
  5124 | D:4      | Killed a phantom
  5125 | D:4      | Gained mutation: You regenerate magic rapidly. [demonic
                  | ancestry]
  5125 | D:4      | Reached XP level 6. HP: 50/50 MP: 6/6
  5208 | D:4      | Reached skill level 1 in Necromancy
  5215 | D:4      | Found Ligab's Weapon Shoppe.
  5228 | D:4      | Found a staircase to the Ecumenical Temple.
  5255 | D:4      | Reached skill level 5 in Fighting
  5255 | D:4      | Reached skill level 1 in Spellcasting
  5311 | D:4      | Noticed a two-headed ogre
  5342 | D:4      | Killed a two-headed ogre
  5343 | D:4      | Reached skill level 5 in Polearms
  5343 | D:4      | Reached skill level 3 in Necromancy
  5343 | D:4      | Reached XP level 7. HP: 42/57 MP: 7/11
  5343 | D:4      | Gained mutation: You have a pair of horns on your head.
                  | [demonic ancestry]
  5343 | D:4      | Reached XP level 8. HP: 47/64 MP: 7/12
  5409 | Temple   | Entered the Ecumenical Temple
  5468 | Temple   | Became a worshipper of Kikubaaqudgha
  5468 | Temple   | Reached * piety under Kikubaaqudgha
  5468 | Temple   | Identified Kikubaaqudgha's Reference Book on Darkness
                  | (Kikubaaqudgha gifted it to you in the Ecumenical Temple)
  5468 | Temple   | Received a gift from Kikubaaqudgha
  5468 | Temple   | Reached ** piety under Kikubaaqudgha
  5470 | Temple   | Upgraded the game from 0.26-a0-1053-gaff5f71418 to
                  | 0.26-a0-1060-g086102a3f0
  5613 | D:4      | Learned a level 3 spell: Vampiric Draining
  5615 | D:4      | Learned a level 1 spell: Pain
  5696 | D:5      | Entered Level 5 of the Dungeon
  5940 | D:5      | Found a runed translucent gate.
  5941 | D:5      | Found a runed translucent gate.
  5942 | D:5      | Found a runed translucent gate.
  5943 | D:5      | Noticed Aerich's ghost (novice GnWn)
  6563 | D:5      | Reached skill level 5 in Dodging
  6607 | D:5      | Reached skill level 4 in Necromancy
  7087 | D:6      | Found a shimmering altar of Xom.
  7224 | D:6      | Found an opulent altar of Gozag.
  7224 | D:6      | Found a glowing silver altar of Zin.
  7367 | D:6      | Reached skill level 5 in Necromancy
  7535 | D:6      | Found a shadowy altar of Dithmenos.
  7757 | D:7      | Gained mutation: You sometimes gain a little power by
                  | taking damage. [demonic ancestry]
  7757 | D:7      | Reached XP level 9. HP: 61/69 MP: 11/15
  7883 | D:7      | Noticed Menkaure
  7886 | D:7      | Killed Menkaure
  7926 | D:7      | Found a shadowy altar of Dithmenos.
  8277 | D:7      | Reached skill level 5 in Spellcasting
  8277 | D:7      | Reached skill level 6 in Necromancy
  8323 | D:7      | Found a shimmering altar of Xom.
  8324 | D:7      | Found a shimmering altar of Xom.
  8324 | D:7      | Found a shimmering altar of Xom.
  8324 | D:7      | Found a shimmering altar of Xom.
  8325 | D:7      | Found a shimmering altar of Xom.
  8406 | D:7      | Found a runed translucent door.
  8407 | D:7      | Noticed Crazy Yiuf
  8412 | D:7      | Killed Crazy Yiuf
  8535 | D:7      | Noticed a harpy
  8535 | D:7      | a human changed into a harpy
  8541 | D:7      | Reached *** piety under Kikubaaqudgha
  8541 | D:7      | Identified Kikubaaqudgha's Incunabulum of Dark Magic
                  | (Kikubaaqudgha gifted it to you on level 7 of the Dungeon)
  8541 | D:7      | Received a gift from Kikubaaqudgha
  8610 | D:7      | Learned a level 4 spell: Animate Dead
  8697 | D:8      | Found a glowing golden altar of the Shining One.
  8979 | D:8      | Found a huge runed translucent gate.
  8979 | D:8      | Found a huge runed translucent gate.
  8979 | D:8      | Found a huge runed translucent gate.
  8979 | D:8      | Found a huge runed translucent gate.
  8979 | D:8      | Noticed a polar bear
  8980 | D:8      | Noticed a polar bear
  8980 | D:8      | Noticed a manticore
  8980 | D:8      | Noticed a polar bear
  8980 | D:8      | Noticed a polar bear
  8980 | D:8      | Noticed a polar bear
  9078 | D:8      | Reached skill level 7 in Necromancy
  9093 | D:8      | Found a radiant altar of Vehumet.
  9231 | D:8      | Found a shimmering blue altar of Sif Muna.
  9545 | D:8      | Found Lavam's Armour Emporium.
  9790 | D:8      | Reached skill level 8 in Necromancy
  9899 | D:9      | Noticed Gastronok
 10008 | D:9      | Found Xuixtyn's Antique Armour Shoppe.
 10065 | D:9      | Killed Gastronok
 10066 | D:9      | Reached skill level 9 in Necromancy
 10066 | D:9      | Reached XP level 10. HP: 59/75 MP: 3/21
 10256 | D:9      | Reached **** piety under Kikubaaqudgha
 10361 | D:9      | Found a white marble altar of Elyvilon.
 10484 | D:9      | Found Denen's Assorted Antiques.
 10492 | D:9      | Found Riyl Ali's Armour Boutique.
 10539 | D:9      | Noticed a manticore
 10561 | D:9      | Learned a level 5 spell: Excruciating Wounds
 10569 | D:9      | Noticed a death yak
 10599 | D:9      | Noticed a death yak
 10600 | D:9      | Noticed a death yak
 10622 | D:9      | Killed a death yak
 10622 | D:9      | Killed a death yak
 10623 | D:9      | Reached skill level 10 in Necromancy
 10624 | D:9      | Killed a death yak
 10625 | D:9      | Gained mutation: You have a pair of large horns on your
                  | head. [demonic ancestry]
 10625 | D:9      | Reached XP level 11. HP: 67/80 MP: 18/23
 10671 | D:9      | Found a staircase to the Lair.
 10734 | D:9      | Found a stormy altar of Qazlal.
 10851 | D:9      | Found Kunuk's Assorted Antiques.
 10910 | D:9      | Bought a pair of runed gloves for 255 gold pieces
 10946 | D:9      | Found a staircase to the Orcish Mines.
 11088 | D:9      | Found a hide-covered altar of Uskayaw.
 11101 | D:9      | Noticed a +0 hand axe
 11102 | D:9      | Noticed a +0 dagger
 11165 | D:9      | Found Wylykeh's Book Shoppe.
 11270 | D:9      | Bought a creamy pearl robe for 176 gold pieces
 11270 | D:9      | Identified the cursed +1 robe of the Catfish {Int+2} (You
                  | bought it in a shop on level 9 of the Dungeon)
 11284 | D:10     | Entered Level 10 of the Dungeon
 11366 | Lair:1   | Entered Level 1 of the Lair of Beasts
 11433 | Lair:1   | Reached skill level 11 in Necromancy
 11619 | D:9      | Learned a level 5 spell: Agony
 11692 | D:9      | Reached ***** piety under Kikubaaqudgha
 11802 | Lair:1   | Noticed a death yak
 11803 | Lair:1   | Noticed a death yak
 11805 | Lair:1   | Noticed a death yak
 11808 | Lair:1   | Noticed a death yak
 11809 | Lair:1   | Learned a level 5 spell: Borgnjor's Vile Clutch
 11842 | D:9      | Killed a death yak
 11918 | D:9      | Killed a death yak
 11922 | D:9      | Killed a death yak
 11933 | D:9      | Killed a death yak
 12222 | Lair:1   | Noticed an eight-headed hydra
 12242 | Lair:1   | Killed an eight-headed hydra
 13118 | Lair:2   | Reached XP level 12. HP: 86/86 MP: 20/25
 13197 | Lair:1   | HP: 4/86 [blink frog (4)]
 13198 | Lair:1   | HP: 1/86 [blink frog (3)]
 13198 | Lair:1   | Slain by a bullfrog

Illustrated notes

Levels and vault maps discovered:
D:1:      dpeg_arrival_circle_labyrinth_c, layout_basic,
          minmay_misc_feat_hallway
D:2:      minmay_diamond_boxcup, layout_basic, nicolae_overflow_hidden_temple,
          nicolae_ru_awakened_eye, bloody_trog, evilmike_ruin_ashenzari,
          uniq_natasha, uniq_robin, uniq_jessica
D:3:      minmay_recursive_quarters, layout_loops_corners,
          okawaru_ov_weapons_minmay, nemelex_xobeh_ov_fountains_minmay,
          chequers_jeans
D:4:      layout_cave_pools, temple_doors_ab, serial_shops, shop,
          minmay_goblin_outpost
D:5:      layout_layer_cave, gammafunk_ghost_necromancy
D:6:      layout_gridville, grunt_temple_overflow_gold_and_silver,
          lemuel_crystal_altar, basic_altar, serial_park_tiny_pond,
          roderic_lattice_a
D:7:      layout_basic, xom_shifter_show, kennysheep_big_empty_room,
          grunt_dithmenos_smoke, uniq_menkaure, uniq_crazy_yiuf_cottage
D:8:      lemuel_bear_cage, layout_loops_ring, vehumet_crystals, tgw_sif,
          nicolae_tso_carved_into_rock, serial_shops, nicolae_shop_crystal,
          serial_undead, serial_undead_e, serial_undead_b, serial_undead_f,
          serial_undead_e, serial_undead_b, serial_undead_c, serial_undead_c,
          serial_undead_e, serial_undead_c, serial_undead_c,
          hangedman_decor_push
D:9:      layout_rooms, dancing_weapons_uskayaw, grunt_qazlal_clouds,
          lemuel_doored_altar, dpeg_lair_monsters,
          kennysheep_orc_monster_closet_entryway, serial_shops,
          kennysheep_little_box, shop, shop_statue, shop,
          nicolae_shop_competitors_out_of_business, uniq_gastronok
D:10:     layout_cave_pods, chequers_guarded_unrand_ignorance
Temple:   corrupted_temple
Lair:1:   layout_concentric_octagons, grunt_megastairs_5, serial_bayou_shore_b
Lair:2:   layout_cave_pods, minmay_swamp_entry_reptiles,
          ebering_ghost_inner_flame, cheibrodos_lair_lostbears,
          grunt_megastairs_1

Skill      XL: |  1  2  3  4  5  6  7  8  9 10 11 12 |
---------------+-------------------------------------+-----
Stealth        | 2 |  2.0
Polearms       | 3 4 5 6 |  6.4
Dodging        | 3 4 6 7 8 |  8.3
Fighting       | 4 5 |  5.8
Necromancy     | 3 5 9 10 11 | 11.5
Spellcasting   | 2 4 7 8 9 |  9.9
Earth Magic    | 3 4 |  4.0

Action                   |  1- 3 |  4- 6 |  7- 9 | 10-12 || total
-------------------------+-------+-------+-------+-------++-------
Melee: Spear             |   118 |   210 |    49 |   261 ||   638
       Trident           |       |    30 |   284 |       ||   314
       Headbutt          |       |    22 |    63 |    46 ||   131
Throw: Javelin           |     6 |       |       |       ||     6
       Dart              |       |    31 |    25 |       ||    56
 Cast: Animate Skeleton  |       |     4 |     7 |       ||    11
       Pain              |       |       |    33 |     9 ||    42
       Vampiric Draining |       |       |    10 |     6 ||    16
       Animate Dead      |       |       |     2 |    14 ||    16
       Excruciating Woun |       |       |       |    24 ||    24
       Agony             |       |       |       |    12 ||    12
Invok: Receive Corpses   |       |       |       |     1 ||     1
Evoke: Wand              |       |    12 |    14 |    14 ||    40
  Use: Scroll            |     5 |       |     8 |     3 ||    16
       Potion            |       |       |       |     1 ||     1
 Stab: Sleeping          |     4 |     4 |    10 |       ||    18
       Distracted        |     1 |     1 |     2 |     2 ||     6
       Paralysed         |       |     4 |       |       ||     4
Armor: Robe              |    22 |    24 |     8 |       ||    54
       Leather armour    |       |       |    36 |    54 ||    90
Dodge: Dodged            |    83 |   128 |   158 |   158 ||   527
Block: Other             |     3 |    37 |    38 |    51 ||   129

Table legend: (Time is in decaauts)
 A = Elapsed time spent in this place.
 B = Non-inter-level travel time spent in this place.
 C = Inter-level travel time spent in this place.
 D = Time resting spent in this place.
 E = Time spent auto-exploring this place.
 F = Levels seen in this place.
 G = Mean time per level.
                   A        B        C        D        E       F      G
               +--------+--------+--------+--------+--------+-----+--------+
         Total |  13238 |  12410 |    828 |    206 |   9878 |  13 | 1018.3 |
       Dungeon |  11716 |  10929 |    787 |    186 |   8710 |  10 | 1171.6 |
        Temple |     74 |     61 |     13 |      0 |     45 |   1 |   74.0 |
          Lair |   1447 |   1419 |     28 |     20 |   1123 |   2 |  723.5 |
               +--------+--------+--------+--------+--------+-----+--------+

Top non-repeatable levels by time:
     D:2: 2260 daAuts
     D:9: 1557 daAuts
     D:8: 1515 daAuts
  Lair:1: 1319 daAuts
     D:1: 1273 daAuts
     D:3: 1242 daAuts
     D:5: 1222 daAuts
     D:7: 967 daAuts
     D:4: 841 daAuts
     D:6: 787 daAuts
  Lair:2: 127 daAuts
  Temple: 74 daAuts
    D:10: 48 daAuts
